 Dungeon Crawl Stone Soup version 0.30-b1-2-g02819fbbbe (webtiles) character file.

Game seed: 7265614526292626131

299573 sanka the Acrobat (level 20, -1/182 HPs)
             Began as a Merfolk Hexslinger on May 6, 2023.
             Was a Priest of Okawaru.
             Slain by a saltling (12 damage)
             ... in the Desolation of Salt.
             The game lasted 01:39:51 (47149 turns).

sanka the Acrobat (Merfolk Hexslinger)             Turns: 47149, Time: 01:39:52

Health: -1/182     AC: 28    Str: 12    XL:     20   Next: 99%
Magic:  0/28       EV: 29    Int: 14    God:    Okawaru [***...]
Gold:   839        SH:  0    Dex: 26    Spells: 20/21 levels left

rFire   + . .        a - +2 great sword (heavy)
rCold   + . .        (shield currently unavailable)
rNeg    + . .        y - +7 swamp dragon scales
rPois   +            m - +2 helmet
rElec   .            p - scarf {repulsion}
rCorr   .            G - +2 pair of gloves
SInv    .            (no boots)
Will    +....        A - amulet of Muxuh {Spirit rF+ rN+}
Stlth   +            k - +6 ring of dexterity
HPRegen 0.50/turn    D - ring of Pragmatism {+Blink rC+ AC+4}
MPRegen 0.21/turn

%: repel missiles, guardian spirit
@: hasted, very quick
A: (nimble swimmer 2), mertail
}: 2/15 runes: decaying, serpentine
a: Renounce Religion, Evoke Blink, Heroism


You were in the Desolation of Salt.
You worshipped Okawaru.
Okawaru was most pleased with you.
You visited 7 branches of the dungeon, and saw 32 of its levels.
You also visited: Sewer, Ice Cave and Desolation.

You collected 3106 gold pieces.
You spent 2267 gold pieces at shops.

Inventory:

Hand Weapons
 a - a +2 heavy great sword (weapon)
Armour
 m - a +2 helmet (worn)
 p - a scarf of repulsion (worn)
 y - +7 swamp dragon scales (worn)
 G - a +2 pair of gloves (worn)
Jewellery
 k - a +6 ring of dexterity (left hand)
 z - a ring of resist corrosion
 A - the amulet of Muxuh (around neck) {Spirit rF+ rN+}
   (You bought it in a shop on level 1 of the Snake Pit)

   [amulet of guardian spirit]

   It causes incoming damage to be divided between your reserves of health and
   magic.
   rF:        It protects you from fire.
   rN:        It protects you from negative energy.
 D - the ring of Pragmatism (right hand) {+Blink rC+ AC+4}
   (You bought it in a shop on level 2 of the Orcish Mines)

   [ring of protection]

   AC:        It affects your AC (+4).
   rC:        It protects you from cold.
   +Blink:    It lets you blink.
 F - a ring of see invisible
 N - a ring of willpower
 O - a ring of protection from fire
 T - a ring of flight
Wands
 c - a wand of mindburst (12)
 s - a wand of paralysis (17)
 t - a wand of iceblast (31)
 u - a wand of polymorph (8)
 H - a wand of acid (28)
Scrolls
 d - 15 scrolls of teleportation {@r4}
 g - 3 scrolls of fog
 h - 5 scrolls of immolation {!r}
 i - a scroll of poison {!r}
 n - 5 scrolls of fear
 q - 5 scrolls of noise {!r}
 L - a scroll of silence {!r}
 V - 3 scrolls of blinking
 X - 2 scrolls of magic mapping
Potions
 e - 3 potions of resistance
 j - 8 potions of might
 o - 3 potions of cancellation
 v - 5 potions of attraction {!q}
 w - 2 potions of heal wounds {@q2}
 x - 13 potions of curing {@q1}
 E - 3 potions of brilliance
 M - 3 potions of berserk rage {!q}
 P - 4 potions of magic
 R - 3 potions of mutation {!q}
 S - 4 potions of flight
 W - a potion of haste {@q3}
 Y - 3 potions of invisibility
 Z - 7 potions of ambrosia


   Skills:
 - Level 22.0 Fighting
 - Level 20.0 Long Blades
 - Level 1.5 Ranged Weapons
 - Level 10.0 Armour
 - Level 22.0 Dodging
 - Level 1.0 Spellcasting
 - Level 3.0 Hexes
 + Level 11.7 Invocations
 + Level 5.5 Evocations


You had 20 spell levels left.
You knew the following spells:

 Your Spells              Type           Power      Damage    Failure   Level
a - Slow                  Hex            36%        N/A       14%         1

Your spell library contained the following spells:

 Spells                   Type           Power      Damage    Failure   Level
 Confusing Touch          Hex            9%         N/A       41%         3
 Apportation              Tloc           0%         N/A       45%         1
 Necrotise                Necr           0%         1d4       45%         1
 Sandblast                Erth           0%         2d4       45%         1
 Blink                    Tloc           0%         N/A       58%         2
 Cigotuvi's Dreadful Rot  Necr/Pois/Air  0%         N/A       58%         2
 Lesser Beckoning         Tloc           0%         N/A       58%         2
 Momentum Strike          Conj/Tloc      0%         3d8       58%         2
 Passwall                 Tmut/Erth      0%         N/A       58%         2
 Sublimation of Blood     Necr           0%         N/A       58%         2
 Inner Flame              Hex/Fire       4%         N/A       63%         3
 Portal Projectile        Hex/Tloc       8%         N/A       63%         3
 Cause Fear               Hex            4%         N/A       82%         4
 Gell's Gravitas          Tloc           0%         N/A       83%         3
 Hailstorm                Conj/Ice       0%         3d3       83%         3
 Mephitic Cloud           Conj/Pois/Air  0%         N/A       83%         3
 Teleport Other           Tloc           0%         N/A       83%         3
 Vampiric Draining        Necr           0%         2d6       83%         3
 Anguish                  Hex/Necr       2%         N/A       95%         4
 Dispel Undead            Necr           0%         3d6       99%         4
 Ice Form                 Ice/Tmut       0%         N/A       99%         4
 Manifold Assault         Tloc           0%         N/A       99%         4
 Olgreb's Toxic Radiance  Pois           0%         N/A       99%         4
 Petrify                  Tmut/Erth      0%         N/A       99%         4
 Borgnjor's Vile Clutch   Necr/Erth      0%         N/A       100%        5
 Fireball                 Conj/Fire      0%         3d3       100%        5
 Irradiate                Conj/Tmut      0%         3d11      100%        5
 Iskenderun's Battlesphe  Conj           0%         2d6       100%        5
 Conjure Ball Lightning   Conj/Air       0%         3x3d6     100%        6
 Dispersal                Tloc           0%         N/A       100%        6
 Statue Form              Tmut/Erth      0%         N/A       100%        6
 Enfeeble                 Hex            4%         N/A       100%        7
 Orb of Destruction       Conj           0%         9d5       100%        7
 Ozocubu's Refrigeration  Ice            0%         4d7       100%        7
 Storm Form               Tmut/Air       0%         N/A       100%        7
 Borgnjor's Revivificati  Necr           0%         N/A       100%        8
 Necromutation            Tmut/Necr      0%         N/A       100%        8
 Death's Door             Necr           0%         N/A       100%        9
 Summon Small Mammal      Summ           Unusable   N/A       N/A         1
 Animate Armour           Summ/Erth      Unusable   N/A       N/A         4
 Death Channel            Necr           Unusable   N/A       N/A         6
 Simulacrum               Ice/Necr       Unusable   N/A       N/A         6

Dungeon Overview and Level Annotations

Branches:
Dungeon (15/15)            Temple (1/1) D:4            Lair (5/5) D:11
  Swamp (4/4) Lair:2        Snake (4/4) Lair:2        Slime (0/5) Lair:4
    Orc (2/2) D:11            Elf (0/3) Orc:2        Vaults (1/5) D:13
 Depths (0/4) D:15          Sewer (visited)           IceCv (visited)
Desolation (1/1)

Altars:
Ashenzari
Cheibriados
Dithmenos
Elyvilon
Fedhas
Gozag
Hepliaklqana
Kikubaaqudgha
Makhleb
Nemelex Xobeh
Okawaru
Qazlal
Ru
Sif Muna
Trog
Uskayaw
Vehumet
Wu Jian
Xom
Yredelemnul
Zin
The Shining One
Jiyva

Shops:
D:4 [   D:5 ?   D:10 (   D:13 *   Orc:2 [*[=   Snake:1 :==

Annotations:
Lair:2 2 transporters, Weugil's ghost, journeyman HaBe
Lair:3 3 runed translucent doors, Dikli's ghost, journeyman MiBe


Innate Abilities, Weirdness & Mutations

((You are very nimble when in or above water. (Stealth+, EV+, Speed+++)))
Your lower body shifts to a powerful aquatic tail in water.


Message History

Unknown command.
Unknown command.
You feel better. The saltling completely misses you. The saltling hits you!
* * * LOW HITPOINT WARNING * * *
The saltling barely misses you. The saltling completely misses you.
The ragged hierophant completely misses you.
The ragged hierophant casts a spell.
The ragged hierophant begins to accept its allies' injuries.
The saltling hits you.
* * * LOW HITPOINT WARNING * * *
You feel much better. The saltling misses you.
The saltling completely misses you. The saltling closely misses you.
The saltling completely misses you. The saltling hits you!
* * * LOW HITPOINT WARNING * * *
The saltling completely misses you.
The ragged hierophant completely misses you.
Unknown command.
Unknown command.
You carve the ragged hierophant like a ham!!!
The ragged hierophant is severely wounded.
The saltling closely misses you. The saltling completely misses you.
The saltling hits you but does no damage.
The saltling misses you. x3; The saltling completely misses you.
Unknown command.
You slice the ragged hierophant!!
The ragged hierophant is severely wounded.
You feel like a meek peon again. The saltling completely misses you.
The saltling hits you but does no damage.
The ragged hierophant points at you and mumbles some strange words.
A blast of power from the earth and the saltlings strikes you!
* * * LOW HITPOINT WARNING * * *
The saltling completely misses you. x2
The saltling hits you but does no damage.
The saltling completely misses you. x2
Unknown command.
You slice the ragged hierophant!!
The ragged hierophant is almost dead.
The saltling misses you. x2; The saltling hits you!
You die...

..§...#§...§§.§
.a.....§.......
..............§
........§§...§§
....§§.§§§§....
....§§§a§§...§.
....§§999§§§.§.
§99@9§§....
§§§a99§§....
§§§§§.§§§....
.§.§§.§.....§§§
...§§§§..§§§§§§
.....§§§...§.§§
..........§§§§§
..........#..§§


You could see 2 ragged hierophants and 8 saltlings.

Vanquished Creatures
  2 tentacled monstrosities (Swamp:1)
  2 quicksilver dragons (Snake:4)
  Roxanne (Snake:3)
  An azure jelly (Swamp:4)
  A fire giant (D:14)
  6 nagarajas
  2 frost giants
  3 orc warlords
  2 angels (Vaults:1)
  2 ironbound preservers (D:13)
  A deep elf demonologist (Vaults:1)
  4 eleionomae
  3 dire elephants (Lair:5)
  4 bunyips
  Azrael (Snake:3)
  An ettin (D:14)
  A ragged hierophant (Desolation)
  A shambling mangrove (Swamp:4)
  2 fire dragons (D:14)
  A great orb of eyes (D:13)
  2 ice dragons (Swamp:4)
  A servant of whispers (Desolation)
  8 hydras
  A yaktaur captain (Vaults:1)
  A rakshasa (D:15)
  4 salamander tyrants
  2 peacekeepers (Desolation)
  11 anacondas
  An ogre mage (D:15)
  An ironbound frostheart (Vaults:1)
  A ghost crab (Swamp:3)
  3 catoblepae
  4 boulder beetles
  5 two-headed ogres
  10 alligators
  18 centaur warriors
  12 death yaks
  A dancing weapon (D:14)
  Erica (D:8)
  15 naga warriors
  The ghost of Discosetron the Thaumaturge, a journeyman DjVM of Makhleb (D:8)
  4 tengu warriors
  3 orc high priests
  8 shock serpents
  Nergalle (D:10)
  17 naga sharpshooters
  5 salamander mystics
  2 spriggan druids
  A skyshark (Lair:5)
  2 spectral death yaks (Lair:5)
  5 deep trolls
  3 goliath frogs
  A spectral anaconda (Lair:5)
  An obsidian statue (Lair:5)
  Lodul (D:12)
  The ghost of jombi the Transmogrifier, a novice OpTm of Wu Jian (D:8)
  4 swamp dragons
  3 wizards (Vaults:1)
  7 naga ritualists
  3 ironbound convokers
  4 necromancers (Lair:5)
  A bog body (Swamp:2)
  5 lindwurms
  A phantasmal warrior (D:14)
  5 deep elf pyromancers
  5 orc knights
  5 orc sorcerers (Orc:2)
  A cyclops (D:14)
  14 ugly things
  16 mana vipers
  6 oklob plants
  9 manticores
  32 salamanders
  3 will-o-the-wisps
  15 elephants
  7 guardian serpents
  The ghost of NitroKuite the Cleaver, a novice MiBe of Trog (D:8)
  43 black mambas
  Joseph (D:8)
  A black mamba (shapeshifter) (D:15)
  An ice statue (IceCv)
  A vault sentinel (D:13)
  10 cane toads
  A cane toad (shapeshifter) (D:14)
  17 naga magi
  3 kobold demonologists
  Maggie (D:8)
  3 unseen horrors
  5 rime drakes
  Psyche (D:12)
  A dire elephant skeleton (Lair:5)
  5 freezing wraiths
  9 komodo dragons
  2 efreet (D:15)
  A yaktaur (Vaults:1)
  A polar bear (shapeshifter) (D:14)
  A bloated husk (Swamp:2)
  5 trolls
  6 polar bears
  9 tyrant leeches
  7 saltlings (Desolation)
  10 hornets
  9 blink frogs
  2 spectral elephants (Lair:5)
  7 spriggans
  A wraith (D:10)
  3 vampires
  A shadow (D:10)
  11 wyverns
  3 fire elementals (Snake:3)
  79 yaks
  A basilisk (shapeshifter) (D:13)
  2 basilisks
  8 vampire mosquitoes
  A steam dragon (D:9)
  4 swamp worm simulacra (Swamp:4)
  7 wargs
  A spectral cane toad (Lair:5)
  45 nagas
  13 swamp worms
  14 hydra simulacra (Swamp:4)
  2 acid dragons (D:13)
  2 hell hounds (Snake:3)
  20 water moccasins
  2 swamp drakes
  24 orc warriors
  A sky beast (D:7)
  2 ice beasts
  2 black bears
  19 ogres
  An elephant zombie (Lair:5)
  A centaur (D:8)
  An elephant skeleton (Lair:5)
  29 wolves
  5 phantoms
  5 kobold brigands
  20 bullfrogs
  A gnoll sergeant (D:9)
  4 scorpions
  6 wights
  14 killer bees
  2 howler monkeys
  An electric eel (Lair:1)
  A lava snake (Snake:1)
  A gnoll bouda (D:6)
  A jelly (D:8)
  7 hounds
  17 orc priests
  3 iguanas
  19 orc wizards
  10 gnolls
  4 river rats (Sewer)
  14 adders
  3 ufetubi
  4 swamp drake simulacra (Swamp:4)
  A worm (D:3)
  5 dart slugs
  83 orcs
  6 ball pythons
  14 endoplasms
  4 giant cockroaches
  6 goblins
  5 hobgoblins
  10 jackals
  A quokka (D:1)
  5 bats
  4 frilled lizards
  21 kobolds
  38 rats
1154 creatures vanquished.

Vanquished Creatures (others)
  A mana viper (Snake:4)
  A swamp worm (Swamp:4)
  A naga (Snake:2)
  2 orcs (Orc:2)
  20 foxfires
  26 fungi
  91 plants
  24 withered plants (Lair:5)
166 creatures vanquished.

Grand Total: 1320 creatures vanquished

Notes
Turn   | Place    | Note
-------+----------+-------------------------------------------
     0 | D:1      | sanka the Merfolk Hexslinger began the quest for the Orb.
     0 | D:1      | Reached XP level 1. HP: 15/15 MP: 2/2
    72 | D:1      | Reached XP level 2. HP: 18/22 MP: 3/3
   491 | D:1      | Found a faded altar of an unknown god.
   543 | D:1      | Reached XP level 3. HP: 18/27 MP: 4/4
  1666 | D:2      | Reached XP level 4. HP: 35/35 MP: 5/5
  1822 | D:3      | Reached skill level 5 in Dodging
  1822 | D:3      | Reached XP level 5. HP: 9/42 MP: 6/6
  1993 | D:3      | Found a glowing drain.
  2009 | Sewer    | Entered a sewer
  2381 | Sewer    | Reached XP level 6. HP: 38/49 MP: 7/7
  2389 | Sewer    | Reached skill level 5 in Fighting
  2389 | Sewer    | HP: 1/51 [adder (4)]
  3171 | D:3      | Found a glowing golden altar of the Shining One.
  3573 | D:4      | Reached XP level 7. HP: 36/56 MP: 8/8
  3808 | D:4      | Found Edar's Antique Armour Emporium.
  3851 | D:4      | Found a basalt altar of Yredelemnul.
  4066 | D:4      | Found a staircase to the Ecumenical Temple.
  4104 | Temple   | Entered the Ecumenical Temple
  4172 | Temple   | Became a worshipper of Warmaster Okawaru
  4471 | D:4      | Reached XP level 8. HP: 60/65 MP: 9/9
  4865 | D:4      | Reached * piety under Okawaru
  5405 | D:5      | Entered Level 5 of the Dungeon
  5492 | D:5      | Found Olleig's Magic Scroll Shoppe.
  5513 | D:5      | Reached skill level 1 in Invocations
  5591 | D:5      | Found a broken altar of Ashenzari.
  5591 | D:5      | Found a hazy altar of Hepliaklqana.
  6358 | D:5      | Reached skill level 10 in Dodging
  6460 | D:5      | Reached ** piety under Okawaru
  6466 | D:5      | Reached XP level 9. HP: 72/74 MP: 11/11
  6642 | D:5      | Found a sacrificial altar of Ru.
  6644 | D:5      | Found a blossoming altar of Fedhas.
  7212 | D:6      | Found a sparkling altar of Nemelex Xobeh.
  8029 | D:7      | Reached skill level 5 in Invocations
  8219 | D:7      | Reached *** piety under Okawaru
  8655 | D:7      | Reached skill level 10 in Fighting
  8840 | D:7      | Reached XP level 10. HP: 83/85 MP: 13/13
  9071 | D:7      | Found a shadowy altar of Dithmenos.
  9225 | D:8      | Noticed Erica
  9244 | D:8      | Killed Erica
  9245 | D:8      | Reached skill level 5 in Long Blades
  9621 | D:8      | Noticed Maggie
  9634 | D:8      | Killed Maggie
  9634 | D:8      | Reached **** piety under Okawaru
  9698 | D:8      | Found a runed translucent gate.
  9699 | D:8      | Found a runed translucent gate.
  9700 | D:8      | Found a runed translucent gate.
  9704 | D:8      | Noticed NitroKuite's ghost (novice MiBe)
  9704 | D:8      | Noticed Discosetron's ghost (journeyman DjVM)
  9704 | D:8      | Noticed jombi's ghost (novice OpTm)
 10030 | D:8      | Noticed Joseph
 10043 | D:8      | Killed Joseph
 10710 | D:9      | Reached skill level 10 in Long Blades
 10725 | D:9      | Reached XP level 11. HP: 90/90 MP: 14/14
 11028 | D:9      | Got the Guide on the Blizzard and the Black Widow
 11398 | D:10     | Entered Level 10 of the Dungeon
 11406 | D:10     | Reached ***** piety under Okawaru
 11426 | D:9      | Paralysed by a hornet for 1 turns
 11759 | D:10     | Noticed Nergalle
 11760 | D:10     | Found Kojuro Ujie's Weapon Shop.
 11769 | D:10     | Killed Nergalle
 12498 | D:11     | Found a staircase to the Orcish Mines.
 12666 | D:11     | Noticed a manticore
 12676 | D:11     | Killed a manticore
 12743 | D:11     | Found a staircase to the Lair.
 12752 | D:11     | Reached skill level 15 in Long Blades
 13062 | Lair:1   | Entered Level 1 of the Lair of Beasts
 13071 | Lair:1   | Reached XP level 12. HP: 56/97 MP: 16/16
 13270 | Lair:1   | Reached skill level 1 in Armour
 13488 | Lair:1   | Received a gift from Okawaru
 14444 | Lair:1   | Identified the +0 leather armour of the Ghostly God {Regen+
                  | Str+2 Int-5 Dex+9}
 14594 | Lair:2   | Found a staircase to the Swamp.
 14884 | Lair:2   | Received a gift from Okawaru
 14925 | Lair:2   | Found a frozen archway.
 15106 | IceCv    | Entered an ice cave
 15315 | IceCv    | Reached XP level 13. HP: 106/106 MP: 18/18
 16254 | IceCv    | Noticed a frost giant
 16268 | IceCv    | Killed a frost giant
 16275 | IceCv    | Reached skill level 5 in Armour
 16927 | Lair:2   | Noticed Weugil's ghost (journeyman HaBe)
 17189 | Lair:2   | Found a staircase to the Snake Pit.
 17274 | Lair:2   | Reached skill level 15 in Dodging
 17668 | Lair:2   | Found a transporter.
 17670 | Lair:2   | Found a transporter.
 17922 | Lair:3   | Found a runed translucent gate.
 17950 | Lair:3   | Found a runed translucent gate.
 17950 | Lair:3   | Found a runed translucent gate.
 17952 | Lair:3   | Noticed Dikli's ghost (journeyman MiBe)
 17966 | Lair:3   | Identified the +8 trident of Ufroepn {heavy, Int+2 Dex+3}
 18004 | Lair:3   | Identified the +0 helmet of Responsibility {+Inv Str+3
                  | Dex-3} (Okawaru gifted it to you on level 3 of the Lair of
                  | Beasts)
 18004 | Lair:3   | Received a gift from Okawaru
 18136 | Lair:3   | Reached XP level 14. HP: 80/116 MP: 21/21
 18311 | Lair:3   | Reached skill level 10 in Invocations
 19984 | Lair:4   | Found a viscous altar of Jiyva.
 19984 | Lair:4   | Found a staircase to the Slime Pits.
 20165 | Lair:5   | Entered Level 5 of the Lair of Beasts
 20730 | Lair:5   | Noticed a dire elephant
 20730 | Lair:5   | Noticed a dire elephant
 20731 | Lair:5   | Noticed a dire elephant
 20754 | Lair:5   | Reached ****** piety under Okawaru
 21068 | Lair:5   | Identified the staff of earth "Yhyiri" {rPois Int+3}
 21106 | Lair:5   | Identified the +4 scale mail "Bucuc" {rPois Str+3 Int+5}
                  | (Okawaru gifted it to you on level 5 of the Lair of Beasts)
 21106 | Lair:5   | Received a gift from Okawaru
 21267 | Lair:5   | Killed a dire elephant
 21475 | Lair:5   | Killed a dire elephant
 21509 | Lair:5   | Killed a dire elephant
 21689 | Lair:5   | Reached XP level 15. HP: 62/127 MP: 20/22
 22879 | Orc:1    | Entered Level 1 of the Orcish Mines
 23254 | Orc:2    | Entered Level 2 of the Orcish Mines
 23565 | Orc:2    | Paralysed by an orc sorcerer for 4 turns
 23797 | Orc:2    | Noticed an orc warlord
 23828 | Orc:2    | Paralysed by an orc sorcerer for 3 turns
 23982 | Orc:2    | Found a staircase to the Elven Halls.
 24034 | Orc:2    | Reached skill level 15 in Fighting
 24315 | Orc:1    | Identified the +5 ring mail "Ehi Doze" {Harm +Blink rC+
                  | Dex+2} (Okawaru gifted it to you on level 1 of the Orcish
                  | Mines)
 24315 | Orc:1    | Received a gift from Okawaru
 24816 | Orc:2    | Killed an orc warlord
 25046 | Orc:2    | Found Neriesez's Jewellery Boutique.
 25046 | Orc:2    | Found Jegagar's Armour Shoppe.
 25048 | Orc:2    | Found Adoib's Antique Armour Boutique.
 25048 | Orc:2    | Found Wouqal's General Store.
 25196 | Orc:2    | Found a staircase to the Elven Halls.
 25404 | Orc:2    | Found Neriesez's Jewellery Boutique.
 25404 | Orc:2    | Found Jegagar's Armour Shoppe.
 25406 | Orc:2    | Found Wouqal's General Store.
 25406 | Orc:2    | Found Adoib's Antique Armour Boutique.
 25511 | Orc:1    | Noticed an orc warlord
 25799 | Orc:1    | Killed an orc warlord
 26262 | Orc:2    | Bought the ring of Pragmatism {+Blink rC+ AC+4} for 684
                  | gold pieces
 26262 | Orc:2    | Bought a +4 ring of protection for 432 gold pieces
 26390 | D:8      | Killed jombi's ghost
 26398 | D:8      | Killed Discosetron's ghost
 26405 | D:8      | Killed NitroKuite's ghost
 26491 | D:12     | Noticed Lodul
 26733 | D:12     | Killed Lodul
 26824 | D:12     | Noticed Psyche
 26874 | D:12     | Killed Psyche
 27678 | D:13     | Found a transporter.
 27678 | D:13     | Found a transporter.
 27725 | D:13     | Found a gate to the Vaults.
 28649 | D:13     | Found Sileajo's Superlative Supplies.
 29158 | D:5      | Bought 3 scrolls of identify for 66 gold pieces
 29162 | D:5      | Bought a scroll of identify for 22 gold pieces
 29162 | D:5      | Bought a scroll of identify for 22 gold pieces
 29164 | D:5      | Reached XP level 16. HP: 138/138 MP: 23/23
 29165 | D:5      | Reached XP level 17. HP: 145/145 MP: 24/24
 29333 | D:14     | Received a gift from Okawaru
 29657 | D:14     | Reached XP level 18. HP: 153/153 MP: 25/25
 29851 | D:14     | Reached skill level 10 in Armour
 30223 | D:14     | Identified the +0 scale mail "Lieb" {Int+3}
 31111 | D:15     | Entered Level 15 of the Dungeon
 31926 | D:15     | Found a staircase to the Depths.
 32154 | Snake:1  | Entered Level 1 of the Snake Pit
 32271 | Snake:1  | Received a gift from Okawaru
 32722 | Swamp:1  | Entered Level 1 of the Swamp
 32854 | Swamp:1  | Noticed a tentacled monstrosity
 32868 | Swamp:1  | Killed a tentacled monstrosity
 33328 | Swamp:1  | You fall into a shaft and drop 1 floor!
 33469 | Swamp:1  | Noticed a tentacled monstrosity
 33478 | Swamp:1  | Killed a tentacled monstrosity
 34231 | Swamp:2  | Found a hide-covered altar of Uskayaw.
 36110 | Swamp:4  | Entered Level 4 of the Swamp
 36303 | Swamp:4  | Reached XP level 19. HP: 140/167 MP: 26/26
 36549 | Swamp:4  | Received a gift from Okawaru
 37725 | Swamp:4  | Got a decaying rune of Zot
 40037 | Snake:1  | Found Ruumeasch's Book Shoppe.
 40038 | Snake:1  | Found Moar's Jewellery Shop.
 40038 | Snake:1  | Found Riuwinu's Jewellery Shop.
 42186 | Snake:3  | Received a gift from Okawaru
 42536 | Snake:3  | Identified Roxanne's Grimoire of Minerals
 42536 | Snake:3  | Noticed Roxanne
 42655 | Snake:3  | Killed Roxanne
 42923 | Snake:3  | Noticed Azrael
 42931 | Snake:3  | Killed Azrael
 43123 | Snake:3  | Reached XP level 20. HP: 169/182 MP: 27/27
 43269 | Snake:3  | Identified the +2 plate armour "Loorid" {rC+ Dex+3 Stlth-}
                  | (Okawaru gifted it to you on level 3 of the Snake Pit)
 43269 | Snake:3  | Received a gift from Okawaru
 43739 | Snake:4  | Entered Level 4 of the Snake Pit
 45436 | Snake:4  | Received a gift from Okawaru
 45436 | Snake:4  | Found the +2 cloak of the Thief {*Fog Slay-2 SInv Stlth+}
 45891 | Snake:4  | Got a serpentine rune of Zot
 46163 | Snake:1  | Bought the amulet of Muxuh {Spirit rF+ rN+} for 915 gold
                  | pieces
 46353 | Orc:2    | Bought a +1 pair of gloves for 126 gold pieces
 46488 | Vaults:1 | Entered Level 1 of the Vaults
 46530 | Vaults:1 | Reached skill level 1 in Evocations
 46731 | Vaults:1 | Noticed a Brimstone Fiend
 47007 | Vaults:1 | Found a glowing silver altar of Zin.
 47008 | Vaults:1 | Found a crumbling gateway.
 47008 | Vaults:1 | Found a white marble altar of Elyvilon.
 47021 | Vaults:1 | Found a glowing golden altar of the Shining One.
 47104 | Desolati | Entered the Desolation of Salt
 47111 | Desolati | Reached skill level 5 in Evocations
 47142 | Desolati | HP: 3/182 [ragged hierophant/a resonance strike (36)]
 47149 | Desolati | Slain by a saltling

Illustrated notes

Levels and vault maps discovered:
D:1:      mrwooster_arrival_arrow, layout_loops_ring,
          hellmonk_ecumenical_altar_slurped_away
D:2:      layout_basic
D:3:      layout_basic, nicolae_tso_swordbearing_angel,
          cheibrodos_sewer_entry_bend, hex_medium
D:4:      layout_loops_corners, mainiacjoe_overflow_paths,
          minmay_temple_entry_drinking_statues, serial_shops, shop,
          grunt_ministairs_10, lexackson_kobold_supper
D:5:      layout_loops_corners, minitemple, jmf_multi_god_temple, serial_shops,
          shop
D:6:      layout_loops_cross, mainiacjoe_overflow_brackets
D:7:      layout_loops_ring, grunt_dithmenos_smoke_and_mirrors,
          mrwooster_statue_mirror, nicolae_figureground_pulse
D:8:      layout_loops_cross, gammafunk_ghost_cemetery, uniq_erica, uniq_maggie,
          uniq_joseph
D:9:      layout_basic
D:10:     layout_cave_pools, serial_shops, nicolae_shop_bloodbath_and_beyond,
          uniq_nergalle
D:11:     layout_basic, david_lair_generic, orc_0_dummy,
          minmay_unpleasant_kobolds
D:12:     layout_loops_corners, chequers_garden, uniq_psyche, uniq_lodul
D:13:     layout_basic, skrybe_vaults_entry_preservation,
          nicolae_alphabet_shops, nicolae_concentric_dashed_squares_mild,
          nicolae_diode_stairs
D:14:     minmay_bad_star, layout_stronghold, serial_bayou_pond_e
D:15:     grunt_enter_depths_snipers, layout_rooms
Temple:   nicolae_temple_ecumenical_triangle
Lair:1:   minmay_lair_oklob_tunnel, layout_gridlike, st_stairs_12,
          infiniplex_staircase_pool
Lair:2:   layout_hall_layers, minmay_swamp_entry_reptiles,
          minmay_snake_entry_six_corridors, portal_ice_cave_rime,
          gammafunk_ghost_hive, chequers_serial_rivers_micro_d,
          lemuel_fruit_fields
Lair:3:   layout_roguey, gammafunk_ghost_split, beast_lair_carwin_11,
          serial_bayou_shore_b, grunt_megastairs_4, lemuel_fruit_tree
Lair:4:   layout_cave_pods, minmay_slime_entry_oklob_enclosed
Lair:5:   due_jungle_book, layout_regular_city, grunt_megastairs_3
Swamp:1:  layout_basic_swamp, evilmike_swamp_ruin_house_3, swamp_pool2
Swamp:2:  layout_falls_marsh, evilmike_swamp_ruin_house_4,
          lemuel_altar_in_water, swamp_pool1,
          nicolae_swamp_oklob_treasure_island
Swamp:3:  layout_falls_marsh, evilmike_swamp_ruin_house_5
Swamp:4:  swamp_icy, layout_basic_swamp
Snake:1:  layout_chambers, nicolae_snake_salamander_fort, grunt_megastairs_2,
          minmay_shop_grove
Snake:2:  layout_cave_shapes
Snake:3:  layout_basic, serial_bayou_shore_b, uniq_roxanne, uniq_azrael
Snake:4:  hellmonk_snake_rune_quicksilver_temple, layout_cave_town
Orc:1:    layout_caves, basic_altar
Orc:2:    grunt_orc_tribal_feast, layout_caves, david_defended_altar_orc
Vaults:1: portal_desolation_entry_holy_temple, v_misc_27, st_cross,
          ontoclasm_vaults_tryst, v_misc_2, v_rooms_1,
          nicolae_vaults_closet_pinwheel_1, nicolae_vaults_network_star,
          ontoclasm_vaults_ring_square, nicolae_vaults_tetromino_T_1,
          ontoclasm_vaults_decontamination, vaults_room_stairs_pillars,
          layout_vaults_omnicross
Desolation

Skill      XL: |  1  2  3  4  5  6  7  8  9 10 11 12 13 14 15 16 17 18 19 20 |
---------------+-------------------------------------------------------------+-----
Dodging        | 3 4 5 6 7 8 10 12 13 15 17 19 22 | 22.0
Fighting       | 2 3 4 5 6 8 10 11 12 14 16 19 22 | 22.0
Invocations    | 3 5 7 9 10 11 | 11.7
Long Blades    | 2 10 15 16 20 | 20.0
Armour         | 3 5 7 9 10 | 10.0
Evocations     | 5 |  5.5
Ranged Weapons | |  1.5
Spellcasting   | |  1.0
Hexes          | |  3.0

Action                     |  1- 3 |  4- 6 |  7- 9 | 10-12 | 13-15 | 16-18 | 19-21 || total
---------------------------+-------+-------+-------+-------+-------+-------+-------++-------
  Melee: Short sword       |    66 |   199 |    46 |    14 |       |       |       ||   325
         Punch             |     2 |     4 |     6 |       |       |     2 |       ||    14
         Tailslap          |       |    14 |       |       |     2 |    36 |    15 ||    67
         Dagger            |       |    15 |   569 |    43 |       |       |       ||   627
         Great sword       |       |       |       |   389 |   923 |   389 |   889 ||  2590
         Scimitar          |       |       |       |       |    16 |    22 |       ||    38
   Fire: Sling             |    66 |       |     6 |       |       |       |       ||    72
 Invoke: Heroism           |       |       |       |    12 |    20 |    14 |    10 ||    56
         Finesse           |       |       |       |     1 |     4 |       |     1 ||     6
  Evoke: Wand              |       |       |       |     1 |       |       |     3 ||     4
    Use: Scroll            |       |     6 |       |    10 |     8 |     9 |     2 ||    35
         Potion            |       |     3 |       |       |     1 |     2 |     6 ||    12
   Stab: Sleeping          |     1 |     2 |       |     2 |       |     2 |     1 ||     8
         Distracted        |     1 |       |       |       |       |       |       ||     1
         Paralysed         |       |       |       |       |       |       |     1 ||     1
 Armour: Robe              |    23 |    37 |    86 |    10 |       |       |       ||   156
         Swamp dragon scal |       |       |       |   187 |   386 |   171 |   427 ||  1171
         Leather armour    |       |       |       |     1 |       |       |       ||     1
         Skin              |       |       |       |       |     1 |       |       ||     1
  Dodge: Dodged            |    76 |   211 |   517 |   565 |  1289 |   746 |  2156 ||  5560
         Repelled          |       |       |       |       |       |       |    51 ||    51
